 Dungeon Crawl Stone Soup version 0.28.0-62-gf88900778d (webtiles) character file.

Game seed: 15955307190946471867

14 cbfl8 the Skirmisher (level 2, 0/26 HPs)
             Began as a Ghoul Berserker on June 24, 2023.
             Was a Follower of Trog.
             Slain by a giant cockroach (1 damage)
             ... on level 1 of the Dungeon.
             The game lasted 00:00:45 (267 turns).

cbfl8 the Skirmisher (Ghoul Berserker)               Turns: 267, Time: 00:00:45

Health: 0/26       AC:  2    Str: 19    XL:     2   Next: 45%
Magic:  1/1        EV:  8    Int:  3    God:    Trog [*.....]
Gold:   6          SH:  0    Dex:  8    Spells: 1/1 levels left

rFire   . . .      SeeInvis .     - Unarmed
rCold   + . .      Faith    .   (no shield)
rNeg    + + +      Spirit   .   a - +0 animal skin
rPois   ∞          Reflect  .   (no helmet)
rElec   .          Harm     .   (no cloak)
rCorr   .          Rampage  .   (no gloves)
Will    .....                   (no boots)
Stlth   +.........              (no amulet)
HPRegen 0.00/turn               (no ring)
MPRegen 0.07/turn               (no ring)

@: inhibited regen, constricted
A: claws 1, cold resistance 1, negative energy resistance 3, inhibited
regeneration, torment resistance 2
a: Renounce Religion


You were on level 1 of the Dungeon.
You worshipped Trog.
Trog was aware of your devotion.
You visited 1 branch of the dungeon, and saw 1 of its levels.

You collected 6 gold pieces.

Inventory:

Armour
 a - a +0 animal skin (worn)
Potions
 b - 2 potions of degeneration {unknown}


   Skills:
 + Level 3.6 Fighting
 * Level 0.2 Axes
 + Level 1.8 Armour
 + Level 1.9 Dodging
 - Level 3.5 Unarmed Combat
 * Level 0.4 Evocations


You had one spell level left.
You didn't know any spells.
Your spell library was empty.

Dungeon Overview and Level Annotations

Branches:
Dungeon (1/15)

Altars:


Innate Abilities, Weirdness & Mutations

You thrive by killing the living.
You are immune to poison.
You have sharp fingernails.
Your flesh is cold resistant. (rC+)
You are immune to negative energy. (rN+++)
You do not regenerate when monsters are visible.
You are immune to unholy pain and torment.


Message History

You barely miss the goblin. The giant cockroach bites you.
The goblin hits you with a +2 dagger of venom.
* * * LOW HITPOINT WARNING * * *
The giant cockroach barely misses you.
You scratch the goblin.
You kill the goblin!
Trog accepts your kill.
You feel better. The giant cockroach bites you.
* * * LOW HITPOINT WARNING * * *
The ball python closely misses you. x2
There is a stone staircase leading down here.
The giant cockroach barely misses you.
The ball python bites you but does no damage.
The ball python grabs you.
You stop descending the stairs.
The ball python constricts you.
* * * LOW HITPOINT WARNING * * *
The giant cockroach barely misses you.
You barely miss the giant cockroach. The ball python closely misses you.
The ball python constricts you.
The giant cockroach bites you but does no damage.
You scratch the giant cockroach.
The giant cockroach is almost dead.
The ball python closely misses you. The ball python constricts you.
The giant cockroach bites you but does no damage.
You completely miss the giant cockroach.
The giant cockroach is almost dead.
The ball python barely misses you. The ball python constricts you.
* * * LOW HITPOINT WARNING * * *
The giant cockroach bites you but does no damage.
You scratch the giant cockroach but do no damage.
The giant cockroach is almost dead.
The ball python closely misses you. The ball python constricts you.
The giant cockroach bites you.
* * * LOW HITPOINT WARNING * * *
You closely miss the giant cockroach.
The giant cockroach is almost dead.
The ball python bites you.
* * * LOW HITPOINT WARNING * * *
The ball python constricts you. The giant cockroach bites you.
You die...

..#........
......... #......
.# . ..... .#
..####.)####.####
.......†.........
...............#
...#...SB......# .
###..@).....##
####........
#..#......
##.###.#....
####..###..... ....
#....###.....##
.#....
#.######......
#....
#.####......##
#....
#...........###....


You could see a giant cockroach and a ball python.

Vanquished Creatures
  A dart slug (D:1)
  3 ball pythons (D:1)
  An endoplasm (D:1)
  A giant cockroach (D:1)
  3 goblins (D:1)
  A hobgoblin (D:1)
10 creatures vanquished.

Notes
Turn   | Place    | Note
-------+----------+-------------------------------------------
     0 | D:1      | cbfl8 the Ghoul Berserker began the quest for the Orb.
     0 | D:1      | Reached XP level 1. HP: 19/19 MP: 0/0
   162 | D:1      | Reached XP level 2. HP: 26/26 MP: 1/1
   267 | D:1      | HP: 1/26 [ball python (1)]
   267 | D:1      | Slain by a giant cockroach

Illustrated notes

Levels and vault maps discovered:
D:1:      evilmike_arrival_rings, layout_rooms

Action                   || total
-------------------------++-------
Melee: Unarmed           ||    33
Armor: Animal skin       ||     9
Dodge: Dodged            ||    18
